 Dungeon Crawl Stone Soup version 0.31-a0-1009-g454b1f1e0a (webtiles) character file.

Game seed: 15150533615226402950

15 ChronoRanger the Conjurer (level 2, -3/20 HPs)
             Began as a Draconian Conjurer on Nov 14, 2023.
             Slain by Natasha (7 damage)
             ... on level 1 of the Dungeon.
             The game lasted 00:01:59 (1305 turns).

ChronoRanger the Conjurer (Draconian Conjurer)      Turns: 1305, Time: 00:02:00

Health: -3/20      AC:  4    Str:  9    XL:     2   Next: 34%
Magic:  0/5        EV: 12    Int: 18    God:
Gold:   23         SH:  0    Dex:  9    Spells: 2/5 levels left

rFire   . . .        e - +0 dagger
rCold   . . .        (no shield)
rNeg    . . .        (body armour unavailable)
rPois   .            (helmet restricted)
rElec   .            (no cloak)
rCorr   .            (no gloves)
SInv    .            (no boots)
Will    .....        (no amulet)
Stlth   ++           (no ring)
HPRegen 0.23/turn    (no ring)
MPRegen 0.09/turn

%: no passive effects
@: no status effects
A: AC +4, unfitting armour, cold-blooded
a: no special abilities


You were on level 1 of the Dungeon.
You visited 1 branch of the dungeon, and saw 2 of its levels.

You collected 23 gold pieces.

Inventory:

Hand Weapons
 b - a +0 whip
 e - a +0 dagger (weapon)
Scrolls
 d - a scroll of teleportation {unknown}
 f - a scroll of brand weapon {unknown}
 g - a scroll of silence {unknown}
Potions
 a - a potion of magic
 c - a potion of haste {unknown}


   Skills:
 - Level 1.7 Dodging
 - Level 1.7 Stealth
 + Level 2.3 Spellcasting
 * Level 4.4 Conjurations


You had 2 spell levels left.
You knew the following spells:

 Your Spells              Type           Power      Damage    Failure   Level
a - Magic Dart            Conj           72%        1d6       2%          1
b - Searing Ray           Conj           36%        2d5       4%          2

Your spell library contained the following spells:

 Spells                   Type           Power      Damage    Failure   Level
 Ensorcelled Hibernation  Hex/Ice        4%         N/A       26%         2
 Passwall                 Tmut/Erth      1%         N/A       26%         2
 Dazzling Flash           Conj/Hex       20%        N/A       22%         3
 Swiftness                Air            2%         N/A       47%         3
 Fulminant Prism          Conj/Hex       5%         3d7       56%         4
 Iskenderun's Mystic Bla  Conj/Tloc      10%        2d4       56%         4


Dungeon Overview and Level Annotations

Branches:
Dungeon (2/15)

Altars:

Annotations:
D:1 Natasha


Innate Abilities, Weirdness & Mutations

Your plain brown scales are hard. (AC +4)
You cannot fit into any form of body armour.
You are cold-blooded and may be slowed by cold attacks.


Message History

The cerulean imp disappears in a puff of smoke!
There is a stone staircase leading down here.
You miss Natasha.
Your tail-slap misses Natasha.
Natasha is heavily wounded.
Natasha claws you.
You closely miss Natasha.
Natasha is heavily wounded.
Natasha claws you.
You miss Natasha.
Natasha is heavily wounded.
Natasha claws you.
* * * LOW HITPOINT WARNING * * *
Casting: Searing Ray (safe; 4% risk of failure)
Confirm with . or Enter, or press ? or * to list all spells.
Aiming: Magic Dart (safe; 2% risk of failure)
Press: ? - help, Shift-Dir - straight line, f - Natasha
Aim: Natasha (heavily wounded, 100% to hit)
The magic dart hits Natasha.
Natasha is severely wounded.
Natasha stares at you and mumbles some strange words.
The magic dart hits you!
* * * LOW HITPOINT WARNING * * *
You barely miss Natasha.
Natasha is severely wounded.
Natasha misses you.
You miss Natasha.
Your tail-slap misses Natasha.
Natasha is severely wounded.
Natasha closely misses you.
You closely miss Natasha. You tail-slap Natasha.
Natasha is almost dead.
Natasha stares at you and mumbles some strange words.
You resist with significant effort.
You hit Natasha.
Your tail-slap misses Natasha.
Natasha is almost dead.
Natasha closely misses you.
You hit Natasha.
Natasha is almost dead.
Natasha claws you!
You die...
Natasha begins licking her fur clean.

#........##........#####.##.###.#
#####.##........#.## #........#
#.###########.# ####.##### #.#
#.# #...# #.### ##+## ###...####
##..)## ##...## #........#
##.#...# ##.....## #.......#.
#.###..# ##.......###...[....#
####.#...####...@.....####...##.#
............'....h....'.......#.#
######...####.........####...##.#
#........# ##.......## ##......
#.###.##.# ##.....## #.###.# #.#
#.##.# ##...## #.##... #.# #..#.#
##'## #.#.... #.# ##.#.# #.#
#.##... #.####.#.# #.# #.###.#


You could see Natasha.

Vanquished Creatures
  2 bats (D:1)
  2 endoplasms (D:1)
  A goblin (D:1)
  A quokka (D:1)
  2 ball pythons
  A frilled lizard (D:1)
  3 kobolds (D:1)
  A rat (D:1)
13 creatures vanquished.

Notes
Turn   | Place    | Note
-------+----------+-------------------------------------------
     0 | D:1      | ChronoRanger the Draconian Conjurer began the quest for the
                  | Orb.
     0 | D:1      | Reached XP level 1. HP: 14/14 MP: 3/3
   715 | D:1      | Reached XP level 2. HP: 20/20 MP: 0/5
   718 | D:1      | Learned a level 2 spell: Searing Ray
  1288 | D:2      | Noticed Natasha
  1305 | D:1      | Slain by Natasha

Illustrated notes

Levels and vault maps discovered:
D:1:      roadster_arrival_rocket_large, layout_loops_corners, minivault_4
D:2:      layout_loops_ring, feat_on_display, uniq_natasha

Action                     || total
---------------------------++-------
  Melee: Unarmed           ||    13
         Dagger            ||     8
         Tailslap          ||     1
   Cast: Magic Dart        ||    23
         Searing Ray       ||     1
 Armour: Skin              ||    24
  Dodge: Dodged            ||    25

Table legend: (Time is in decaauts)
 A = Elapsed time spent in this place.
 B = Non-inter-level travel time spent in this place.
 C = Inter-level travel time spent in this place.
 D = Time resting spent in this place.
 E = Time spent auto-exploring this place.
 F = Levels seen in this place.
 G = Mean time per level.
                   A        B        C        D        E       F      G
               +--------+--------+--------+--------+--------+-----+--------+
         Total |   1304 |   1247 |     57 |      0 |   1145 |   2 |  652.0 |
       Dungeon |   1304 |   1247 |     57 |      0 |   1145 |   2 |  652.0 |
               +--------+--------+--------+--------+--------+-----+--------+

Top non-repeatable levels by time:
     D:1: 1297 daAuts
     D:2: 7 daAuts
